 Dungeon Crawl Stone Soup version 0.28-a0-802-g09f76e8c00 (webtiles) character file.

Game seed: 9894140777710438928

84 ryw the Protected (level 4, -7/41 HPs)
             Began as a Gnoll Wanderer on Nov 6, 2021.
             Mangled by a gnoll (8 damage)
             ... on level 4 of the Dungeon.
             The game lasted 00:03:56 (859 turns).

ryw the Protected (Gnoll Wanderer)                   Turns: 859, Time: 00:03:56

Health: -7/41      AC:  4    Str: 14    XL:     4   Next: 45%
Magic:  5/5        EV: 11    Int:  9    God:
Gold:   52         SH:  0    Dex: 12    Spells: 5/5 levels left

rFire   . . .      SeeInvis .   a - +2 short sword (elec)
rCold   . . .      Faith    .   (no shield)
rNeg    . . .      Spirit   .   e - +0 robe
rPois   .          Reflect  .   i - +2 hat
rElec   .          Harm     .   (no cloak)
rCorr   .          Rampage  .   (no gloves)
Will    .....                   (no boots)
Stlth   ++........              (no amulet)
HPRegen 0.13/turn               (no ring)
MPRegen 0.09/turn               (no ring)

@: on berserk cooldown, slowed, very slow
A: fangs 1, strong nose, distributed training
a: no special abilities


You were on level 4 of the Dungeon.
You visited 1 branch of the dungeon, and saw 3 of its levels.

You collected 52 gold pieces.

Inventory:

Hand Weapons
 a - a +2 short sword of electrocution (weapon)
 b - a +2 hand crossbow
Missiles
 f - 15 bolts
Armour
 e - a +0 robe (worn)
 i - a +2 hat (worn)
Scrolls
 g - a scroll of summoning {unknown}
 h - 2 scrolls of acquirement {unknown}
 j - a scroll of amnesia {unknown}


   Skills:
 + Level 6.6 Fighting
 + Level 1.1 Short Blades
 + Level 1.1 Long Blades
 + Level 1.1 Axes
 + Level 1.1 Maces & Flails
 + Level 1.1 Polearms
 + Level 1.1 Staves
 + Level 1.1 Slings
 + Level 1.1 Bows
 + Level 2.7 Crossbows
 + Level 1.1 Throwing
 + Level 8.5 Armour
 + Level 1.1 Dodging
 + Level 2.5 Stealth
 + Level 1.1 Shields
 + Level 1.1 Unarmed Combat
 + Level 1.1 Spellcasting
 + Level 0.9 Conjurations
 + Level 0.9 Hexes
 + Level 0.9 Summonings
 + Level 0.9 Necromancy
 + Level 0.9 Translocations
 + Level 0.9 Transmutations
 + Level 0.9 Fire Magic
 + Level 0.9 Ice Magic
 + Level 0.9 Air Magic
 + Level 0.9 Earth Magic
 + Level 0.9 Poison Magic
 + Level 1.2 Invocations
 + Level 2.7 Evocations


You had 5 spell levels left.
You didn't know any spells.
Your spell library was empty.

Dungeon Overview and Level Annotations

Branches:
Dungeon (2/15)             Temple (0/1) D:4

Altars:

Annotations:
D:4 1 transporter


Innate Abilities, Weirdness & Mutations

You have very sharp teeth.
Your uncanny sense of smell can sniff out nearby items.
Your experience applies equally to all skills.


Message History

* * * LOW HITPOINT WARNING * * *
The gnoll closely misses you. Something hits you but does no damage.
Unknown command.
It was a potion of ambrosia.
You are more confused.
You feel invigorated. The gnoll closely misses you.
Something hits you but does no damage.
The gnoll hits you from afar with a +0 spear.
* * * LOW HITPOINT WARNING * * *
You are too confused!
Something hits you.
You bump into the rock wall.
The gnoll misses you. Something hits you but does no damage.
The gnoll hits you from afar with a +0 spear.
You bump into the rock wall.
You feel less invigorated. Something hits you but does no damage.
The gnoll closely misses you. Something hits you but does no damage.
You bump into the rock wall.
The gnoll hits you from afar with a +0 spear.
Something hits you but does no damage. The gnoll hits you but does no damage.
You bump into the rock wall.
You feel less confused.
You hear some strange, mumbled words.
A magic dart appears from out of thin air!
The magic dart hits you!
* * * LOW HITPOINT WARNING * * *
The gnoll hits you from afar with a +0 spear.
* * * LOW HITPOINT WARNING * * *
Something hits you but does no damage.
Level annotation: 1 transporter Welcome back, ryw the Gnoll Wanderer.
Press ? for a list of commands and other information.
Unknown command.
Deactivating autopickup; reactivate with Ctrl-A.
You miss something.
The gnoll hits you from afar with a +0 spear.
* * * LOW HITPOINT WARNING * * *
Something hits you but does no damage.
The gnoll hits you from afar with a +0 spear!
You die...

#.# ##.#
#..###..#
...###.....##
#......B..#
######o####
#..# #.##
#.#######(#
#....@{g[.#
###########


You could see a gnoll.

Vanquished Creatures
  A hound (D:4)
  A gnoll (D:4)
  An adder (D:2)
  An adder skeleton (D:4)
  A worm (D:2)
  A dart slug (D:4)
  2 orcs (D:4)
  An endoplasm (D:1)
  3 giant cockroaches
  A goblin (D:2)
  4 hobgoblins
  3 quokkas
  A ball python (D:1)
  2 kobolds
  3 rats
26 creatures vanquished.

Vanquished Creatures (others)
  5 plants (D:4)
5 creatures vanquished.

Grand Total: 31 creatures vanquished

Notes
Turn   | Place    | Note
-------+----------+-------------------------------------------
     0 | D:1      | ryw the Gnoll Wanderer began the quest for the Orb.
     0 | D:1      | ryw set off with the following items: a +2 hand crossbow,
                  | 24 bolts, a potion of lignification, a scroll of
                  | teleportation, a +0 robe
     0 | D:1      | Reached XP level 1. HP: 23/23 MP: 1/1
   120 | D:1      | Reached XP level 2. HP: 27/29 MP: 2/2
   394 | D:1      | You fall into a shaft and drop 1 floor!
   641 | D:2      | Reached XP level 3. HP: 26/35 MP: 3/3
   750 | D:2      | You fall into a shaft and drop 2 floors!
   754 | D:4      | Found a staircase to the Ecumenical Temple.
   757 | D:4      | Noticed an ice beast
   774 | D:4      | Found a transporter.
   826 | D:4      | Reached skill level 1 in Short Blades
   826 | D:4      | Reached skill level 1 in Long Blades
   826 | D:4      | Reached skill level 1 in Axes
   826 | D:4      | Reached skill level 1 in Maces & Flails
   826 | D:4      | Reached skill level 1 in Polearms
   826 | D:4      | Reached skill level 1 in Staves
   826 | D:4      | Reached skill level 1 in Slings
   826 | D:4      | Reached skill level 1 in Bows
   826 | D:4      | Reached skill level 1 in Throwing
   826 | D:4      | Reached skill level 1 in Dodging
   826 | D:4      | Reached skill level 1 in Shields
   826 | D:4      | Reached skill level 1 in Unarmed Combat
   826 | D:4      | Reached skill level 1 in Spellcasting
   826 | D:4      | Reached skill level 1 in Invocations
   826 | D:4      | Reached XP level 4. HP: 20/41 MP: 5/5
   859 | D:4      | HP: 1/41 [gnoll (3)]
   859 | D:4      | Mangled by a gnoll

Illustrated notes

Levels and vault maps discovered:
D:1:      saegor_arrival_miasma, layout_rooms, minmay_pentomino_v2
D:2:      layout_loops_cross, grunt_ministairs_15, minmay_divided_ellipse
D:4:      layout_cave_pools, nemelex_spade_bored_becter,
          mainiacjoe_overflow_small_starburst, minmay_temple_entry_glass,
          gammafunk_ghost_gnarly_gnolls

Skill      XL: |  1  2  3 |
---------------+----------+-----
Short Blades   | 1 |  1.1
Long Blades    | 1 |  1.1
Axes           | 1 |  1.1
Maces & Flails | 1 |  1.1
Polearms       | 1 |  1.1
Staves         | 1 |  1.1
Slings         | 1 |  1.1
Bows           | 1 |  1.1
Throwing       | 1 |  1.1
Dodging        | 1 |  1.1
Shields        | 1 |  1.1
Unarmed Combat | 1 |  1.1
Spellcasting   | 1 |  1.1
Invocations    | 1 |  1.2
Fighting       | |  6.6
Crossbows      | |  2.7
Armour         | |  8.5
Stealth        | |  2.5
Conjurations   | |  0.9
Hexes          | |  0.9
Summonings     | |  0.9
Necromancy     | |  0.9
Translocations | |  0.9
Transmutations | |  0.9
Fire Magic     | |  0.9
Ice Magic      | |  0.9
Air Magic      | |  0.9
Earth Magic    | |  0.9
Poison Magic   | |  0.9
Evocations     | |  2.7

Action                   |  1- 3 |  4- 6 || total
-------------------------+-------+-------++-------
Melee: Short sword       |    19 |    13 ||    32
       Bite              |     1 |       ||     1
 Fire: Hand crossbow     |    33 |     2 ||    35
  Use: Potion            |     1 |     4 ||     5
       Scroll            |     1 |       ||     1
Armor: Robe              |     4 |    12 ||    16
       Skin              |     7 |    13 ||    20
Dodge: Dodged            |    20 |     8 ||    28

Table legend: (Time is in decaauts)
 A = Elapsed time spent in this place.
 B = Non-inter-level travel time spent in this place.
 C = Inter-level travel time spent in this place.
 D = Time resting spent in this place.
 E = Time spent auto-exploring this place.
 F = Levels seen in this place.
 G = Mean time per level.
                   A        B        C        D        E       F      G
               +--------+--------+--------+--------+--------+-----+--------+
         Total |    878 |    864 |     14 |     56 |    550 |   3 |  292.7 |
       Dungeon |    878 |    864 |     14 |     56 |    550 |   3 |  292.7 |
               +--------+--------+--------+--------+--------+-----+--------+

Top non-repeatable levels by time:
     D:1: 397 daAuts
     D:2: 362 daAuts
     D:4: 117 daAuts
